 Dungeon Crawl Stone Soup version 0.31-b1-22-gc680215f68 (webtiles) character file.

Game seed: 10155879838350095777

44 Arctor the Vexing (level 3, -2/20 HPs)
             Began as a Kobold Hexslinger on Jan 19, 2024.
             Slain by a goblin
             ... wielding a +0 club
             ... led by Robin
              (5 damage)
             ... on level 2 of the Dungeon.
             The game lasted 00:01:04 (702 turns).

Arctor the Vexing (Kobold Hexslinger)                Turns: 702, Time: 00:01:05

Health: -2/20      AC:  2    Str:  5    XL:     3   Next: 85%
Magic:  2/5        EV: 15    Int: 14    God:
Gold:   45         SH:  0    Dex: 19    Spells: 0/5 levels left

rFire   . . .        a - +1 sling
rCold   . . .        (no shield)
rNeg    . . .        c - +0 robe
rPois   .            (no helmet)
rElec   .            (no cloak)
rCorr   .            (no gloves)
SInv    .            (no boots)
Will    .....        (no amulet)
Stlth   +++          (no ring)
HPRegen 0.23/turn    (no ring)
MPRegen 0.09/turn

%: no passive effects
@: weak-willed
A: small, no large weapons, nightstalker 3
a: no special abilities


You were on level 2 of the Dungeon.
You visited 1 branch of the dungeon, and saw 2 of its levels.

You collected 45 gold pieces.

Inventory:

Hand Weapons
 a - a +1 sling (weapon)
Armour
 c - a +0 robe (worn)
Jewellery
 h - an amulet of reflection
 k - a ring of wizardry
Scrolls
 b - 2 scrolls of poison
 f - a scroll of enchant weapon {unknown}
Potions
 d - a potion of cancellation {unknown}
 e - 2 potions of mutation {unknown}
 g - a potion of lignification {unknown}
 j - a potion of enlightenment {unknown}


   Skills:
 + Level 1.5 Fighting
 + Level 3.2 Ranged Weapons
 + Level 2.9 Dodging
 + Level 1.7 Spellcasting
 + Level 3.2 Hexes
 + Level 1.5 Fire Magic


You couldn't memorise any spells.
You knew the following spells:

 Your Spells              Type           Power      Damage    Failure   Level
a - Jinxbite              Hex            20%        N/A       10%         2
b - Call Canine Familiar  Summ           1%         N/A       58%         3

Your spell library contained the following spells:

 Spells                   Type           Power      Damage    Failure   Level
 Sigil of Binding         Hex            10%        N/A       19%         3
 Summon Small Mammal      Summ           4%         N/A       24%         1
 Inner Flame              Hex/Fire       7%         N/A       26%         3
 Cause Fear               Hex            5%         N/A       54%         4
 Dimensional Bullseye     Hex/Tloc       2%         N/A       77%         4
 Summon Blazeheart Golem  Fire/Summ      3%         N/A       87%         4


Dungeon Overview and Level Annotations

Branches:
Dungeon (2/15)

Altars:

Annotations:
D:2 Robin


Innate Abilities, Weirdness & Mutations

You are small and have problems with some larger weapons.
You are completely attuned to the shadows.


Message History

A goblin comes into view. It is wielding a +0 dagger.
You shoot a sling bullet. The sling bullet hits the goblin.
The goblin is moderately wounded.
A giggling sprite leaps out and doodles on the goblin's face.
You kill the goblin!
The jinxing sprites lose interest in you.
A goblin comes into view. It is wielding a +0 dagger.
Robin of the Strong Arm comes into view.
They are wielding a +0 dagger.
You shoot a sling bullet. The sling bullet hits the goblin.
You kill the goblin!
You hear a shout!
A goblin comes into view. It is wielding a +0 club.
Robin roars a battlecry!
The goblin goes into a battle-frenzy!
You shoot a sling bullet. The sling bullet hits the goblin.
The goblin is severely wounded.
Robin throws the goblin at you! The goblin hits you with a +0 dagger.
You are too injured to fight recklessly!
You are too injured to fight recklessly!
You are too injured to fight recklessly!
Unknown command.
The goblin attacks as it pursues you! The goblin barely misses you.
A goblin comes into view. It is wielding a +0 club.
You shoot a sling bullet. The sling bullet hits the goblin.
The goblin is severely wounded.
Robin throws the goblin at you! The goblin barely misses you.
The goblin hits you with a +0 club. The goblin barely misses you.
A hobgoblin comes into view.
The goblin hits you with a +0 club.
* * * LOW HITPOINT WARNING * * *
You shoot a sling bullet. The sling bullet hits the goblin.
The goblin is severely wounded.
The goblin hits you but does no damage. The goblin completely misses you.
Unknown command.
You shoot a sling bullet.
The sling bullet closely misses the goblin.
The goblin hits you with a +0 club.
* * * LOW HITPOINT WARNING * * *
The goblin hits you with a +0 club.
You die...

.##. ..†. .g.
#g#### #gg@.#
####g# #.# #.# #.#
#.# #######.#
########...<...#
#..........#.#.###


You could see Robin, a hobgoblin (strong) and 3 goblins.

Vanquished Creatures
  An adder (D:2)
  2 endoplasms (D:1)
  10 goblins
  A hobgoblin (D:1)
  2 kobolds (D:1)
  A quokka (D:1)
  6 ball pythons
  5 bats (D:1)
  3 frilled lizards
  A rat (D:1)
32 creatures vanquished.

Notes
Turn   | Place    | Note
-------+----------+-------------------------------------------
     0 | D:1      | Arctor the Kobold Hexslinger began the quest for the Orb.
     0 | D:1      | Reached XP level 1. HP: 12/12 MP: 2/2
   182 | D:1      | Reached XP level 2. HP: 16/16 MP: 3/3
   449 | D:1      | Reached XP level 3. HP: 20/20 MP: 5/5
   531 | D:1      | Learned a level 2 spell: Jinxbite
   535 | D:1      | Learned a level 3 spell: Call Canine Familiar
   696 | D:2      | Noticed Robin
   702 | D:2      | Slain by a goblin

Illustrated notes

Levels and vault maps discovered:
D:1:      evilmike_arrival_fibonacci_small, layout_rooms
D:2:      layout_loops_ring, uniq_robin

Skill      XL: |  1  2 |
---------------+-------+-----
Ranged Weapons | 3 |  3.2
Fighting       | |  1.5
Dodging        | |  2.9
Spellcasting   | |  1.7
Hexes          | |  3.2
Fire Magic     | |  1.5

Action                     || total
---------------------------++-------
   Fire: Sling             ||    75
   Cast: Jinxbite          ||     4
    Use: Scroll            ||     3
 Armour: Robe              ||    22
  Dodge: Dodged            ||    28
